 Dungeon Crawl Stone Soup version 0.21-a0-278-ga722497 (webtiles) character file.

73886 vishdafish the Cleaver (level 15, -7/125 HPs)
             Began as a Formicid Fighter on Sept 22, 2017.
             Was the Champion of Nemelex Xobeh.
             Mangled by an ettin
             ... wielding a +0 dire flail
              (29 damage)
             ... on level 15 of the Dungeon.
             The game lasted 01:21:39 (24906 turns).

vishdafish the Cleaver (Formicid Fighter)          Turns: 24906, Time: 01:21:40

Health: -7/125     AC: 26    Str: 25    XL:     15   Next: 92%
Magic:  24/24      EV: 19    Int: 10    God:    Nemelex Xobeh [******]
Gold:   2150       SH: 21    Dex: 15    Spells: 14/14 levels left

rFire    + + +     SeeInvis +   x - +7 great mace "Firestarter" {inner flame, rF++}
rCold    x . .     Gourm    .   I - +1 large shield
rNeg     . . .     Faith    .   J - +7 chain mail of Gravity {+Blink rElec rC- Str+3}
rPois    .         Spirit   .   (helmet unavailable)
rElec    +         Reflect  .   H - scarf {cloud immunity}
rCorr    .         Harm     .   A - +1 pair of gloves
MR       +....     Clarity  +   T - +0 pair of boots
Stlth    ..........             (no amulet)
HPRegen  0.30/turn              F - ring of protection from fire
MPRegen  0.19/turn              o - +4 ring of evasion

@: no status effects
A: permanent stasis, dig shafts and tunnels, four strong arms, antennae 3,
repulsion field 1, iridescent scales 1, rugged brown scales 1, clarity, clever
1, electricity resistance
a: Dig, Shaft Self, Triple Draw, Deal Four, Stack Five, Renounce Religion


You were on level 15 of the Dungeon.
You worshipped Nemelex Xobeh.
Nemelex Xobeh was exalted by your worship.
You were not hungry.

You visited 4 branches of the dungeon, and saw 24 of its levels.
You also visited: Ossuary and Volcano.

You collected 2787 gold pieces.
You spent 637 gold pieces at shops.

Inventory:

Hand Weapons
 x - the +7 great mace "Firestarter" (weapon) {inner flame, rF++}
   (You took it off a fire giant on level 14 of the Dungeon)

   It has been specially enchanted to burn those struck by it, causing extra
   injury to most foes and up to half again as much damage against particularly
   susceptible opponents.
   It greatly protects you from fire.
 y - a +1 war axe of freezing
 V - a +2 shortbow of flaming
Armour
 m - a scarf of spirit shield
 A - a +1 pair of gloves (worn)
 H - a scarf of cloud immunity (worn)
 I - a +1 large shield (worn)
 J - the +7 chain mail of Gravity (worn) {+Blink rElec rC- Str+3}
   (You found it on level 8 of the Dungeon)

   It affects your strength (+3).
   It makes you vulnerable to cold.
   It insulates you from electricity.
   It lets you blink.
 T - a +0 pair of boots (worn)
Jewellery
 o - a +4 ring of evasion (right hand)
 F - a ring of protection from fire (left hand)
 Z - an uncursed ring of poison resistance
Wands
 E - a wand of digging (8/24)
Scrolls
 b - 3 scrolls of vulnerability
 c - 3 scrolls of summoning
 e - a scroll of silence {unknown}
 g - 3 scrolls of fog
 h - 2 scrolls of immolation {unknown}
 j - 12 scrolls of remove curse
 k - 2 scrolls of enchant armour
 q - a scroll of noise {unknown}
 r - 3 scrolls of fear {unknown}
 s - a scroll of blinking {unknown}
 z - 3 scrolls of recharging
 C - 6 scrolls of enchant weapon
 D - 2 scrolls of holy word {unknown}
 K - 2 scrolls of magic mapping
 S - 2 scrolls of acquirement {unknown}
Potions
 i - 14 potions of curing
 l - 3 potions of flight
 n - 4 potions of ambrosia
 u - 5 potions of brilliance
 R - 3 potions of resistance
 U - a potion of invisibility
 X - 4 potions of agility
Miscellaneous
 a - a legendary deck of destruction {drawn: 3}
 d - a legendary deck of summoning
 p - an ornate deck of summoning {drawn: 4}
 t - an ornate deck of destruction
 v - a legendary deck of summoning
 w - an ornate deck of summoning {drawn: 1}
 B - an ornate deck of destruction {drawn: 2}
 M - an ornate deck of destruction
 N - an ornate deck of destruction
 O - an ornate deck of destruction
 Q - an ornate deck of summoning
 Y - an ornate deck of summoning
Comestibles
 f - 6 bread rations
 G - 7 meat rations
 L - 14 fruits
 P - 9 royal jellies
 W - 2 chunks of flesh


   Skills:
 * Level 12.5 Fighting
 * Level 14.0 Axes
 + Level 11.6 Armour
 - Level 8.1 Dodging
 * Level 13.5 Shields
 - Level 12.1 Invocations


You had 14 spell levels left.
You didn't know any spells.

Dungeon Overview and Level Annotations

Branches:
Dungeon (15/15)            Temple (1/1) D:7            Lair (6/6) D:9
 Shoals (0/4) Lair:4       Spider (0/4) Lair:3        Slime (0/5) Lair:6
    Orc (2/2) D:9             Elf (0/3) Orc:2        Vaults (0/5) D:14
 Depths: D:15

Altars:
Cheibriados
Dithmenos
Elyvilon
Fedhas
Gozag
Makhleb
Nemelex Xobeh
Qazlal
Ru
Sif Muna
Trog
Uskayaw
Wu Jian
Xom
Yredelemnul
The Shining One
Jiyva

Shops:
D:6 (*!   D:9 (*}!   Orc:2 *!((

Annotations:
D:8 2 transporters


Innate Abilities, Weirdness & Mutations

You cannot be hasted, slowed, berserked, paralysed or teleported.
You can dig through walls and to a lower floor.
Your four strong arms can wield two-handed weapons with a shield.
You have a pair of large antennae on your head. (SInv)
You are surrounded by a mild repulsion field. (EV +2)
You are partially covered in iridescent scales. (AC +2)
You are partially covered in rugged brown scales. (AC +1, +3% HP)
You possess an exceptional clarity of mind.
Your mind is acute. (Int +2)
You are resistant to electric shocks. (rElec)


Message History

The bolt of fire misses you.
The tengu warrior hits you with a battleaxe.
You block the tengu warrior's attack. The tengu warrior barely misses you.
You crush the orc sorcerer like a grape!!!
You burn the orc sorcerer.
The orc sorcerer explodes!
The fiery explosion engulfs the ettin.
The ettin is heavily wounded.
The fiery explosion engulfs you! You resist.
You feel sick.
The ettin is engulfed in blazing flames.
The ettin hits you with a dire flail!! x2
* * * LOW HITPOINT WARNING * * *
You block the tengu warrior's attack.
The tengu warrior pecks you but does no damage.
The tengu warrior claws you but does no damage.
You feel better.
The ettin is engulfed in blazing flames.
You block the ettin's attack. The ettin hits you with a dire flail!!
You die...
Your body glows with a rainbow of weird colours and disappears.

#...# ###### #...# .##
#....# #...#
....#######.##.###...#
#.#.#.......##.##....####
.......%................
..%...................#
.##.#Q.#........#.##.#
#.§C@#...######.##.##
#†§§##.### #)......
........§...# #......#
##...#...{..# #.......
####.####..# #......# ..#
{.# #......# .#. .##
#......# # . { #.......
#.......


You could see an ettin and a tengu warrior.

Vanquished Creatures
  The ghost of tidbits the Martial Artist, a journeyman DgTm (Orc:2)
  Josephine (D:13)
  Snorg (Orc:1)
  A fire dragon (D:14)
  7 hydras
  6 two-headed ogres
  2 centaur warriors
  4 orc high priests (Orc:2)
  The ghost of kal9871 the Summoner, a novice DESu of Sif Muna (Orc:1)
  A death drake (D:14)
  6 ugly things
  A deep elf mage (D:12)
  5 cyclopes
  An orc sorcerer (D:15)
  An oklob plant (Lair:2)
  7 black mambas
  A manticore (Orc:1)
  An elephant (Lair:6)
  A kobold demonologist (D:13)
  18 spiny frogs
  4 komodo dragons
  A troll (shapeshifter) (D:13)
  A tengu conjurer (D:15)
  A wind drake (shapeshifter) (D:13)
  4 dream sheep (Lair:4)
  4 trolls
  11 blink frogs
  A meliai zombie (D:13)
  A snapping turtle (Lair:4)
  9 hippogriffs
  8 slime creatures
  3 spriggans (Lair:6)
  3 wyverns
  A spriggan (shapeshifter) (D:14)
  4 fire bats (D:14)
  4 hogs (D:9)
  A shadow (D:15)
  4 wraiths (D:13)
  2 humans
  35 yaks
  8 vampire mosquitoes
  5 wargs (Orc:1)
  7 water moccasins
  2 acid dragons
  A soldier ant (shapeshifter) (D:14)
  7 porcupines
  22 orc warriors
  4 sky beasts
  4 phantoms
  2 ice beasts
  7 ogres
  14 centaurs
  A boggart (Orc:1)
  A black bear (Lair:1)
  2 eyes of draining
  7 wolves
  4 crocodiles
  3 big kobolds (D:11)
  An elf zombie (Ossuary)
  22 bullfrogs
  A wyvern zombie (D:13)
  2 scorpions
  A water moccasin skeleton (D:7)
  4 howler monkeys
  3 electric eels (Lair:6)
  5 crimson imps
  2 bullfrog zombies (D:12)
  A quasit (D:8)
  4 centaur zombies
  5 hounds
  3 bullfrog skeletons
  5 jellies
  28 orc priests
  3 centaur skeletons
  7 hell rats
  4 iguanas
  23 orc wizards
  12 worker ants
  3 big kobold zombies (Ossuary)
  2 hound zombies (Ossuary)
  2 hound skeletons
  A howler monkey zombie (D:11)
  4 mummies
  3 gnolls (D:2)
  17 adders
  5 shadow imps
  2 oozes
  7 adder zombies
  An adder skeleton (D:5)
  6 worms
  2 dart slugs (D:2)
  4 leopard geckos
  67 orcs
  3 giant cockroaches
  A gnoll zombie (Ossuary)
  3 hobgoblins
  10 jackals
  5 quokkas
  2 ball pythons
  3 bats (D:1)
  A frilled lizard (D:4)
  9 goblins
  A goblin zombie (Ossuary)
  2 hobgoblin zombies (Ossuary)
  3 jackal zombies (Ossuary)
  24 kobolds
  3 kobold zombies (Ossuary)
  A leopard gecko zombie (D:7)
  3 orc zombies (Ossuary)
  4 quokka zombies (Ossuary)
  5 rats
  6 rat zombies (Ossuary)
  5 fungi
  A plant (Lair:6)
627 creatures vanquished.

Vanquished Creatures (collateral kills)
  A storm dragon (shapeshifter) (D:14)
  A fire giant (D:14)
  A hydra (Lair:6)
  A catoblepas (D:13)
  The ghost of sagitran the Carver, a journeyman DsGl (D:11)
  An orc high priest (Orc:2)
  2 two-headed ogres
  4 orc knights (Orc:2)
  4 elephants (Lair:6)
  A gargoyle (D:14)
  2 spiny frogs (Lair:6)
  5 blink frogs (Lair:6)
  2 tyrant leeches (Lair:6)
  5 slime creatures
  2 hippogriffs
  2 wraiths
  A basilisk (Lair:3)
  6 yaks
  A hungry ghost (D:9)
  2 hell hounds (D:9)
  A water moccasin (Lair:6)
  Duvessa (D:5)
  6 orc warriors
  4 boggarts (D:14)
  A wolf (D:13)
  2 ogres
  4 centaurs
  A crocodile (Lair:6)
  A big kobold (D:8)
  3 bullfrogs
  Dowan (D:5)
  A howler monkey (D:6)
  A crimson imp (D:8)
  10 orc priests
  A jelly (D:13)
  4 orc wizards (Orc:1)
  A killer bee zombie (D:8)
  A howler monkey zombie (D:6)
  4 gnolls (D:6)
  5 orcs
  2 kobolds (D:8)
100 creatures vanquished.

Vanquished Creatures (others)
  2 great orbs of eyes (D:14)
  An ice dragon (D:14)
  A centaur skeleton (D:14)
  A wolf spider (D:14)
  A wraith (D:13)
  2 ball lightnings
  8 fungi
  38 plants
54 creatures vanquished.

Grand Total: 781 creatures vanquished

Notes
Turn   | Place    | Note
-------+----------+-------------------------------------------
     0 | D:1      | vishdafish the Formicid Fighter began the quest for the Orb.
     0 | D:1      | Reached XP level 1. HP: 18/18 MP: 1/1
   247 | D:1      | Reached XP level 2. HP: 24/24 MP: 2/2
   847 | D:2      | Reached XP level 3. HP: 21/29 MP: 3/3
  1283 | D:2      | Reached XP level 4. HP: 22/36 MP: 4/4
  1379 | D:2      | Reached skill level 3 in Axes
  1387 | D:2      | Found a sparkling altar of Nemelex Xobeh.
  1406 | D:2      | Became a worshipper of Nemelex Xobeh the Trickster
  1482 | D:2      | Received a gift from Nemelex Xobeh
  1482 | D:2      | Received a gift from Nemelex Xobeh
  1737 | D:2      | Reached skill level 1 in Invocations
  1737 | D:2      | Reached XP level 5. HP: 31/42 MP: 5/5
  1952 | D:2      | Reached * piety under Nemelex Xobeh
  2561 | D:3      | Found a stormy altar of Qazlal.
  3108 | D:4      | Reached XP level 6. HP: 39/48 MP: 7/7
  3125 | D:4      | Got a dazzling chain mail
  3136 | D:4      | Identified the cursed +1 chain mail of the Hall of Blades {Int+4} (You found it on level 4 of the Dungeon)
  3454 | D:4      | Noticed an ogre
  3466 | D:4      | Killed an ogre
  3466 | D:4      | Reached skill level 4 in Axes
  3466 | D:4      | Reached XP level 7. HP: 15/55 MP: 9/9
  3936 | D:4      | Reached skill level 5 in Shields
  4035 | D:4      | Received a gift from Nemelex Xobeh
  4151 | D:4      | Found a deep blue altar of Sif Muna.
  4230 | D:5      | Entered Level 5 of the Dungeon
  4230 | D:5      | Reached ** piety under Nemelex Xobeh
  4296 | D:5      | Found an ornate altar of the Wu Jian Council.
  4421 | D:5      | Found a faded altar of an unknown god.
  4421 | D:5      | Found a faded altar of an unknown god.
  4427 | D:5      | Found an opulent altar of Gozag.
  4429 | D:5      | Found a glowing golden altar of the Shining One.
  4431 | D:5      | Found a basalt altar of Yredelemnul.
  4457 | D:5      | Found an opulent altar of Gozag.
  4464 | D:5      | Noticed Dowan
  4465 | D:5      | Noticed Duvessa
  4470 | D:5      | Killed Dowan
  4470 | D:5      | Reached skill level 5 in Fighting
  4474 | D:5      | Killed Duvessa
  4474 | D:5      | Reached XP level 8. HP: 36/62 MP: 11/11
  4819 | D:5      | Found a bloodstained altar of Trog.
  4822 | D:5      | Found a shimmering altar of Xom.
  4825 | D:5      | Found a hide-covered altar of Uskayaw.
  4828 | D:5      | Found a white marble altar of Elyvilon.
  5016 | D:5      | Found a snail-covered altar of Cheibriados.
  5050 | D:5      | Reached skill level 5 in Axes
  5058 | D:5      | Reached skill level 5 in Armour
  5323 | D:5      | Received a gift from Nemelex Xobeh
  5332 | D:5      | Found a blossoming altar of Fedhas.
  5380 | D:6      | Found Fumivvi's Distillery.
  5589 | D:6      | Found Ganlot's Weapon Shoppe.
  5589 | D:6      | Found Voffif's General Store.
  5658 | D:6      | Got a faintly glowing pewter amulet
  5660 | D:6      | Identified the amulet "Leruh" {Harm *Drain Str+7 Dex+3} (You found it on level 6 of the Dungeon)
  5670 | D:6      | Reached skill level 5 in Invocations
  6052 | D:7      | Received a gift from Nemelex Xobeh
  6065 | D:7      | Reached *** piety under Nemelex Xobeh
  6089 | D:7      | Found the +9 sword of Zonguldrok {reap}
  6122 | D:7      | Found a staircase to the Ecumenical Temple.
  6135 | Temple   | Entered the Ecumenical Temple
  6192 | D:7      | Found a sand-covered staircase.
  6201 | Ossuary  | Entered an ossuary
  6338 | Ossuary  | Reached XP level 9. HP: 65/69 MP: 13/13
  6394 | Ossuary  | Received a gift from Nemelex Xobeh
  6436 | Ossuary  | Reached skill level 6 in Axes
  6912 | D:8      | Got a pitted chain mail
  6923 | D:8      | Identified the +7 chain mail of Gravity {+Blink rElec rC- Str+3} (You found it on level 8 of the Dungeon)
  7409 | D:8      | Reached **** piety under Nemelex Xobeh
  7436 | D:8      | Noticed a hippogriff
  7444 | D:8      | Killed a hippogriff
  7454 | D:8      | Noticed a centaur warrior
  7709 | D:8      | Received a gift from Nemelex Xobeh
  7778 | D:8      | Found a transporter.
  7778 | D:8      | Noticed a glowing orange brain
  7778 | D:8      | Noticed an ogre mage
  7778 | D:8      | Noticed a gargoyle
  7782 | D:8      | Found a burning altar of Makhleb.
  7798 | D:8      | Found a transporter.
  8002 | D:8      | Reached skill level 7 in Axes
  8191 | D:9      | Reached XP level 10. HP: 59/77 MP: 15/15
  8420 | D:9      | Found a staircase to the Orcish Mines.
  8483 | D:9      | Found Hostrit's Gadget Shoppe.
  8615 | D:9      | Found Nuuptunk's General Store.
  8650 | D:9      | Bought a scroll of identify for 26 gold pieces
  8650 | D:9      | Bought a potion of curing for 39 gold pieces
  8650 | D:9      | Bought a potion of invisibility for 104 gold pieces
  8686 | D:9      | Found Heumumas's Antique Weapon Emporium.
  8880 | D:9      | Received a gift from Nemelex Xobeh
  8884 | D:9      | Found a staircase to the Lair.
  9037 | D:9      | Noticed a two-headed ogre
  9051 | D:9      | Killed a two-headed ogre
  9051 | D:9      | Reached skill level 8 in Axes
  9077 | D:9      | Noticed a two-headed ogre
  9090 | D:9      | Killed a two-headed ogre
  9090 | D:9      | Reached skill level 1 in Dodging
  9289 | D:9      | Reached ***** piety under Nemelex Xobeh
  9320 | D:9      | Noticed a white ugly thing
  9370 | D:9      | Killed a white ugly thing
  9540 | D:9      | Found a shadowy altar of Dithmenos.
  9545 | D:9      | Found Kalegen's Distillery.
  9552 | D:9      | Received a gift from Nemelex Xobeh
  9554 | D:9      | Bought a potion of mutation for 104 gold pieces
  9554 | D:9      | Bought 2 potions of mutation for 208 gold pieces
  9554 | D:9      | Bought a potion of might for 52 gold pieces
  9557 | D:9      | Gained mutation: You are clumsy. (Dex -2) [potion of mutation]
  9557 | D:9      | Lost mutation: You are clumsy. (Dex -2) [potion of mutation]
  9557 | D:9      | Gained mutation: You are resistant to hostile enchantments. (MR+) [potion of mutation]
  9558 | D:9      | Lost mutation: You are resistant to hostile enchantments. (MR+) [potion of mutation]
  9558 | D:9      | Gained mutation: You are partially covered in molten scales. (AC +2) [potion of mutation]
  9558 | D:9      | Gained mutation: Scrolls take you a little longer to read. [potion of mutation]
  9558 | D:9      | Gained mutation: Your skin changes colour to match your surroundings (Stealth+). [potion of mutation]
  9559 | D:9      | Lost mutation: Scrolls take you a little longer to read. [potion of mutation]
  9559 | D:9      | Lost mutation: You are partially covered in molten scales. (AC +2) [potion of mutation]
  9559 | D:9      | Lost mutation: Your skin changes colour to match your surroundings (Stealth+). [potion of mutation]
  9559 | D:9      | Gained mutation: You are frail. (-10% HP) [potion of mutation]
  9559 | D:9      | Gained mutation: You are partially covered in icy blue scales. (AC +2) [potion of mutation]
  9559 | D:9      | Gained mutation: You evolve. [potion of mutation]
  9630 | D:9      | Reached XP level 11. HP: 75/75 MP: 18/18
  9888 | D:10     | Entered Level 10 of the Dungeon
 10031 | D:10     | Reached skill level 10 in Invocations
 10086 | D:10     | Got a spiked shield
 10097 | D:10     | Identified the +2 shield "Aliym" {*Corrode rC+ Regen+ Str+4} (You found it on level 10 of the Dungeon)
 10200 | D:10     | Reached skill level 9 in Axes
 10635 | D:11     | Gained mutation: You occasionally shout uncontrollably at your foes. [mutagenic meat]
 10636 | D:11     | Gained mutation: You are dopey. (Int -2) [mutagenic meat]
 10638 | D:11     | Gained mutation: You are clumsy. (Dex -2) [mutagenic meat]
 10913 | D:11     | Lost mutation: You are partially covered in icy blue scales. (AC +2) [potion of mutation]
 10913 | D:11     | Lost mutation: You evolve. [potion of mutation]
 10913 | D:11     | Lost mutation: You are dopey. (Int -2) [potion of mutation]
 10913 | D:11     | Gained mutation: You are resistant to electric shocks. (rElec) [potion of mutation]
 10918 | D:11     | Got a faintly humming chain mail
 10930 | D:11     | Identified the cursed +0 chain mail of Daffodils {Int+2} (You found it on level 11 of the Dungeon)
 11252 | D:11     | Received a gift from Nemelex Xobeh
 11418 | D:11     | Noticed sagitran's ghost (journeyman DsGl)
 11432 | D:11     | Killed sagitran's ghost
 11705 | D:12     | Noticed a two-headed ogre
 11715 | D:12     | Killed a two-headed ogre
 11728 | D:12     | Noticed a purple ugly thing
 11730 | D:12     | Reached skill level 5 in Dodging
 11763 | D:12     | Killed a purple ugly thing
 11763 | D:12     | Reached XP level 12. HP: 71/81 MP: 20/20
 11767 | D:12     | Gained mutation: You are partially covered in iridescent scales. (AC +2) [mutagenic meat]
 11768 | D:12     | Gained mutation: Your spells are a little harder to cast, but a little more powerful. [mutagenic meat]
 11769 | D:12     | Gained mutation: You are partially covered in rugged brown scales. (AC +1, +3% HP) [mutagenic meat]
 12049 | D:12     | Received a gift from Nemelex Xobeh
 12087 | D:12     | Noticed a two-headed ogre
 12097 | D:12     | Killed a two-headed ogre
 12174 | D:12     | Reached skill level 10 in Axes
 12488 | D:12     | Received a gift from Nemelex Xobeh
 12959 | Orc:1    | Entered Level 1 of the Orcish Mines
 13473 | Orc:1    | Found a frozen archway.
 13474 | Orc:1    | Noticed an ice dragon
 13474 | Orc:1    | Noticed kal9871's ghost (novice DESu)
 13476 | Orc:1    | Noticed a fire dragon
 13476 | Orc:1    | an ice dragon changed into a fire dragon
 13494 | Orc:1    | a fire dragon changed into a manticore
 13551 | Orc:1    | Killed kal9871's ghost
 13774 | Orc:1    | You fall through a shaft!
 13774 | Orc:2    | Entered Level 2 of the Orcish Mines
 13774 | Orc:2    | Received a gift from Nemelex Xobeh
 13807 | Orc:2    | Noticed tidbits's ghost (journeyman DgTm)
 13830 | Orc:2    | Killed tidbits's ghost
 13860 | Orc:2    | Reached XP level 13. HP: 64/89 MP: 17/22
 13946 | Orc:2    | Reached skill level 11 in Axes
 14201 | Orc:1    | Reached ****** piety under Nemelex Xobeh
 14266 | Orc:2    | Noticed Snorg
 14357 | Orc:1    | Killed Snorg
 15359 | Orc:2    | Found Eghud's Weapon Emporium.
 15359 | Orc:2    | Found Qeodgh's Weapon Emporium.
 15360 | Orc:2    | Found Pywudd's Distillery.
 15360 | Orc:2    | Found Kemirgh's General Store.
 15374 | Orc:2    | Bought a potion of mutation for 104 gold pieces
 15375 | Orc:2    | Lost mutation: You occasionally shout uncontrollably at your foes. [potion of mutation]
 15375 | Orc:2    | Lost mutation: You are frail. (-10% HP) [potion of mutation]
 15375 | Orc:2    | Lost mutation: Your spells are a little harder to cast, but a little more powerful. [potion of mutation]
 15375 | Orc:2    | Gained mutation: You possess an exceptional clarity of mind. [potion of mutation]
 15375 | Orc:2    | Gained mutation: Your mind is acute. (Int +2) [potion of mutation]
 15626 | Orc:2    | Found a staircase to the Elven Halls.
 15630 | Orc:2    | Received a gift from Nemelex Xobeh
 16010 | Lair:1   | Entered Level 1 of the Lair of Beasts
 16203 | Lair:1   | Received a gift from Nemelex Xobeh
 16727 | Lair:2   | Received a gift from Nemelex Xobeh
 16865 | Lair:2   | Found a sacrificial altar of Ru.
 16993 | Lair:2   | Noticed a five-headed hydra
 17001 | Lair:2   | Killed a five-headed hydra
 17045 | Lair:2   | Received a gift from Nemelex Xobeh
 17450 | Lair:3   | Received a gift from Nemelex Xobeh
 17614 | Lair:3   | Found a hole to the Spider Nest.
 17710 | Lair:3   | Reached skill level 10 in Armour
 17727 | Lair:3   | Received a gift from Nemelex Xobeh
 17749 | Lair:3   | Noticed a six-headed hydra
 17759 | Lair:3   | Killed a six-headed hydra
 17759 | Lair:3   | Reached skill level 10 in Shields
 17780 | Lair:3   | Reached skill level 12 in Axes
 17996 | Lair:3   | Reached XP level 14. HP: 111/111 MP: 23/23
 18330 | Lair:4   | Received a gift from Nemelex Xobeh
 18330 | Lair:4   | Received a gift from Nemelex Xobeh
 18661 | Lair:4   | Received a gift from Nemelex Xobeh
 18779 | Lair:4   | Found a staircase to the Shoals.
 19064 | Lair:5   | Received a gift from Nemelex Xobeh
 19076 | Lair:5   | Reached skill level 10 in Fighting
 19527 | Lair:5   | Received a gift from Nemelex Xobeh
 19999 | Lair:6   | Entered Level 6 of the Lair of Beasts
 19999 | Lair:6   | Found a viscous altar of Jiyva.
 19999 | Lair:6   | Found a staircase to the Slime Pits.
 20681 | Lair:6   | Found a dark tunnel.
 20691 | Volcano  | Entered a volcano
 21510 | Lair:6   | Reached skill level 13 in Axes
 21687 | Lair:6   | Reached XP level 15. HP: 52/122 MP: 24/24
 21845 | Lair:6   | Received a gift from Nemelex Xobeh
 22645 | D:13     | Noticed Josephine
 22653 | D:13     | Killed Josephine
 22820 | D:13     | Lost mutation: You are clumsy. (Dex -2) [mutagenic meat]
 22821 | D:13     | Gained mutation: You are surrounded by a mild repulsion field. (EV +2) [mutagenic meat]
 22867 | D:13     | Received a gift from Nemelex Xobeh
 23741 | D:14     | Received a gift from Nemelex Xobeh
 23757 | D:14     | Found a glowing golden altar of the Shining One.
 23981 | D:14     | Noticed a fire giant
 24000 | D:14     | Killed a fire giant
 24333 | D:14     | Found a gate to the Vaults.
 24333 | D:14     | Noticed a shadow dragon
 24340 | D:14     | Noticed a stone giant
 24340 | D:14     | a shadow dragon changed into a stone giant
 24342 | D:14     | a stone giant changed into a dire elephant
 24369 | D:14     | Noticed a storm dragon
 24369 | D:14     | a dire elephant changed into a storm dragon
 24384 | D:14     | Killed a storm dragon
 24484 | D:15     | Entered Level 15 of the Dungeon
 24557 | D:15     | Received a gift from Nemelex Xobeh
 24774 | D:15     | Reached skill level 14 in Axes
 24886 | D:15     | Received a gift from Nemelex Xobeh
 24906 | D:15     | Mangled by an ettin

Vault maps used:
D:1:      minmay_arrival_doors, minmay_misc_feat_plants
D:2:      first_bread, nemelex_spade_bored_becter
D:3:      grunt_qazlal_clouds
D:4:      led_sif_pool
D:5:      fedhas_altar_4, chequers_temple_overflow_minitemple,
          grunt_temple_overflow_cloverleaf, lemuel_crystal_altar,
          cheibrodos_worm_habitat, nicolae_gozag_seed_capital, uniq_duvessa
D:6:      serial_shops, shop, shop, shop
D:7:      minmay_temple_entry_statues_pillars, gup_ossuary_entry_pyramid
D:8:      gammafunk_temple_overflow_arena
D:9:      minmay_lair_entry_lava, orc_0_dummy, serial_shops, shop, shop,
          kennysheep_mini_moat, nicolae_shop_waterfront, grunt_livestock,
          grunt_dithmenos_smoke
D:10:     st_stairs_13
D:13:     minmay_goldmine, lab_entry_generic, kennysheep_minor_cross,
          uniq_josephine
D:14:     minmay_firetagon, david_vaults_4, tso_metal_star
D:15:     hangedman_depths_entry_civil_slaughter, nicolae_benzene_ring
Temple:   cyrus_temple_forest
Lair:1:   grunt_megastairs_5
Lair:2:   lemuel_oklob_altar
Lair:3:   cheibrodos_lair_river_kwai, dummy_spider_entry,
          nicolae_quartered_pool_super, grunt_megastairs_2, serial_bayou_shore_a
Lair:4:   minmay_shoals_entry_hut, serial_bayou_shore_b, lemuel_fruit_fields
Lair:6:   minmay_lair_end_frog_pond, slime_altar_1,
          nicolae_volcano_entry_lava_flow, wad_woods_02
Orc:1:    cheibrodos_orc_guarddog, portal_ice_cave_entry_animals_and_master
Orc:2:    st_orc_pillars, uniq_snorg
Ossuary:  minmay_ossuary_two_tombs
Volcano:  volcano_caves

Skill      XL: |  1  2  3  4  5  6  7  8  9 10 11 12 13 14 15 |
---------------+----------------------------------------------+-----
Shields        | 4 5 6 7 8 9 10 12 13 | 13.5
Axes           | 3 4 5 7 8 9 10 12 13 14 | 14.0
Invocations    | 1 2 3 4 5 7 9 11 12 | 12.1
Armour         | 4 5 6 7 8 9 10 11 | 11.6
Fighting       | 4 5 6 7 9 11 12 | 12.5
Dodging        | 2 5 6 8 |  8.1

Action                   |  1- 3 |  4- 6 |  7- 9 | 10-12 | 13-15 || total
-------------------------+-------+-------+-------+-------+-------++-------
Melee: War axe           |    76 |   188 |   469 |   744 |  1016 ||  2493
       Dire flail        |       |       |       |       |   151 ||   151
       Great mace        |       |       |       |       |    63 ||    63
Throw: Throwing net      |       |       |       |     2 |     1 ||     3
       Tomahawk          |       |       |       |       |     2 ||     2
 Abil: Dig               |       |       |       |     7 |     4 ||    11
Evoke: Deck              |       |     4 |     6 |    22 |    38 ||    70
  Use: Scroll            |       |     4 |     6 |     5 |     7 ||    22
       Potion            |       |       |       |     6 |     6 ||    12
 Stab: Distracted        |       |       |     2 |       |     4 ||     6
       Petrified         |       |       |       |     2 |     7 ||     9
       Petrifying        |       |       |       |     1 |       ||     1
       Held in net/web   |       |       |       |     2 |     2 ||     4
  Eat: Chunk             |     1 |     8 |    11 |    17 |    20 ||    57
       Bread ration      |       |       |     1 |     2 |     3 ||     6
       Fruit             |       |       |       |     1 |     1 ||     2
       Meat ration       |       |       |       |       |     1 ||     1
Armor: Scale mail        |    28 |    42 |       |       |       ||    70
       Chain mail        |       |    37 |   240 |   271 |   369 ||   917
Dodge: Dodged            |    20 |    40 |   117 |   329 |   575 ||  1081
Block: Shield            |    41 |    95 |   255 |   399 |   117 ||   907
       Large shield      |       |       |       |       |  1060 ||  1060

Table legend:
 A = Spawn XP
 B = Non-spawn XP
 C = Spawn XP percentage of total XP
 D = Spawn monster count
 E = Non-spawn monster count
 F = Spawn count percentage of total count
 G = Total turns spent on level
                    A         B        C        D         E        F      G
               +---------+---------+-------+---------+---------+-------+---------
         Total |       0 |  105552 |   0.0 |       0 |     727 |   0.0 | 24906
               +---------+---------+-------+---------+---------+-------+---------
           D:1 |       0 |      25 |   0.0 |       0 |      18 |   0.0 |   811
           D:2 |       0 |     120 |   0.0 |       0 |      19 |   0.0 |  1499
           D:3 |       0 |      98 |   0.0 |       0 |      17 |   0.0 |   681
           D:4 |       0 |     387 |   0.0 |       0 |      25 |   0.0 |  1239
           D:5 |       0 |     590 |   0.0 |       0 |      13 |   0.0 |  1125
           D:6 |       0 |     381 |   0.0 |       0 |      16 |   0.0 |   675
           D:7 |       0 |     484 |   0.0 |       0 |      14 |   0.0 |   533
           D:8 |       0 |    1218 |   0.0 |       0 |      45 |   0.0 |  1218
           D:9 |       0 |    5354 |   0.0 |       0 |      57 |   0.0 |  2151
          D:10 |       0 |    2281 |   0.0 |       0 |      25 |   0.0 |   624
          D:11 |       0 |    3141 |   0.0 |       0 |      51 |   0.0 |  1318
          D:12 |       0 |    8287 |   0.0 |       0 |      38 |   0.0 |  1066
          D:13 |       0 |    8140 |   0.0 |       0 |      42 |   0.0 |  1149
          D:14 |       0 |   15734 |   0.0 |       0 |      45 |   0.0 |  1039
          D:15 |       0 |    6487 |   0.0 |       0 |      19 |   0.0 |   422
        Lair:1 |       0 |    1908 |   0.0 |       0 |      10 |   0.0 |   603
        Lair:2 |       0 |    3307 |   0.0 |       0 |      11 |   0.0 |   763
        Lair:3 |       0 |    5207 |   0.0 |       0 |      14 |   0.0 |   996
        Lair:4 |       0 |    2285 |   0.0 |       0 |      13 |   0.0 |   714
        Lair:5 |       0 |    7953 |   0.0 |       0 |      29 |   0.0 |  1309
        Lair:6 |       0 |   16483 |   0.0 |       0 |      71 |   0.0 |  1049
         Orc:1 |       0 |    5285 |   0.0 |       0 |      27 |   0.0 |  1032
         Orc:2 |       0 |    8791 |   0.0 |       0 |      66 |   0.0 |  1791
       Ossuary |       0 |     412 |   0.0 |       0 |      38 |   0.0 |   330
       Volcano |       0 |    1194 |   0.0 |       0 |       4 |   0.0 |   767
               +---------+---------+-------+---------+---------+-------+---------
